 Dungeon Crawl Stone Soup version 0.18-a0-1293-g5a2c81a (webtiles) character file.

35 Tomstefer the Gusty (level 3, -1/26 HPs)
             Began as a Draconian Air Elementalist on Feb 10, 2016.
             Slain by a river rat (2 damage)
             ... on level 2 of the Dungeon.
             The game lasted 00:04:42 (1670 turns).

Tomstefer the Gusty (Draconian Air Elementalist)    Turns: 1670, Time: 00:04:43

Health: -1/26      AC:  5    Str: 10    XL:     3   Next: 17%
Magic:  1/6        EV: 12    Int: 16    God:
Gold:   67         SH:  0    Dex: 11    Spells: 1 memorised, 6 levels left

rFire  . . .     SeeInvis .     g - +0 dagger (curse)
rCold  . . .     Gourm    .     (armour unavailable)
rNeg   . . .     Faith    .     (no shield)
rPois  .         Spirit   .     (helmet restricted)
rElec  .         Dismiss  .     (no cloak)
rCorr  .         Reflect  .     (no gloves)
SustAt .         Harm     .     (no boots)
MR     .....                    (no amulet)
Stlth  +++.......               (no ring)
                                q - ring of stealth

@: starving, not resistant to hostile enchantments, fairly stealthy
A: unfitting armour, cold-blooded, AC +5
a: no special abilities


You were on level 2 of the Dungeon.
You were starving.

You visited 1 branch of the dungeon, and saw 2 of its levels.

You collected 67 gold pieces.

Inventory:

Hand Weapons
 g - a cursed +0 dagger (weapon)
Jewellery
 q - a ring of stealth (left hand)
Scrolls
 c - 3 scrolls of identify {unknown}
 d - a scroll of enchant armour {unknown}
 e - 3 scrolls of noise {unknown}
 h - a scroll of remove curse {unknown}
 i - a scroll of recharging {unknown}
 j - 2 scrolls of magic mapping {unknown}
 k - a scroll of teleportation {unknown}
 m - a scroll of amnesia {unknown}
Potions
 f - a potion of heal wounds {unknown}
 n - 2 potions of curing {unknown}
 o - a potion of haste {unknown}
Books
 a - a book of Air

   Spells                             Type                      Level
   a - Shock                          Conjuration/Air              1
   b - Swiftness                      Charms/Air                   2
   c - Repel Missiles                 Charms/Air                   2
   d - Static Discharge               Conjuration/Air              3
   e - Lightning Bolt                 Conjuration/Air              5
Comestibles
 b - 2 bread rations
 l - 5 fruits
 p - a meat ration


   Skills:
 - Level 2.0 Dodging
 - Level 1.8 Stealth
 * Level 2.5 Spellcasting
 - Level 1.0 Conjurations
 + Level 3.7 Air Magic


You had 6 spell levels left.
You knew the following spells:

 Your Spells              Type           Power        Failure   Level  Hunger
a - Shock                 Conj/Air       #...         10%         1    #......


Dungeon Overview and Level Annotations

Branches:
Dungeon (2/15)

Altars:


Innate Abilities, Weirdness & Mutations

Your plain brown scales are hard (AC +5).
Your body does not fit into most forms of armour.
You are cold-blooded and may be slowed by cold attacks.


Message History

Casting: Shock
Confirm with . or Enter, or press ? or * to list all spells.
Aiming: Shock
Press: ? - help, Shift-Dir - straight line, f/p - river rat
Aim: a river rat (severely wounded)
The zap misses the river rat.
The river rat bites you!
You hit the river rat.
The river rat is almost dead.
The river rat bites you.
* * * LOW HITPOINT WARNING * * *
You closely miss the river rat.
The river rat is almost dead.
The river rat bites you.
* * * LOW HITPOINT WARNING * * *
There is a stone staircase leading down here.
You are starving!
Your magical contamination has completely faded away.
You don't have the energy to cast that spell.
The river rat bites you.
You die...

...###..# #...........
........####..#.########
.......<................
...........#....#.####..
#####......##..)#.#
#......###..#.# #......#
#....# #......# ##.#.#
#......# #.@r#######
#....>.# ##........#
#..#####.# ##.#####.#
#######.......#
#......>...####
##♣♣♣♣#.##♣.♣ ♣.P....♣♣
♣PP..♣P♣....


You could see a river rat.

Vanquished Creatures
  An ooze (D:1)
  2 giant cockroaches (D:1)
  3 goblins
  A hobgoblin (D:1)
  2 jackals (D:1)
  A kobold (D:1)
  A ball python (D:1)
  9 bats
  A giant newt (D:1)
  8 rats
29 creatures vanquished.

Notes
Turn   | Place    | Note
--------------------------------------------------------------
     0 | D:1      | Tomstefer the Draconian Air Elementalist began the quest for the Orb.
     0 | D:1      | Reached XP level 1. HP: 14/14 MP: 3/3
   751 | D:1      | Reached XP level 2. HP: 18/20 MP: 1/5
  1299 | D:1      | Reached XP level 3. HP: 24/26 MP: 4/6
  1662 | D:2      | HP: 1/26 [river rat (6)]
  1670 | D:2      | Slain by a river rat

Vault maps used:
D:1:      sevenhm_arrival_forest_fort_small_5, minivault_26
D:2:      wad_woods_tower, lemuel_coloured_pillars_altar, lemuel_crystal_altar,
          first_bread

Action                   || total
-------------------------++-------
Melee: Unarmed           ||     8
       Dagger            ||    28
 Cast: Shock             ||    51
  Eat: Chunk             ||     1
